 Dungeon Crawl Stone Soup version 0.22.0-40-g68aacdc (webtiles) character file.

65 poirepourri the Chopper (level 3, -1/33 HPs)
             Began as a Deep Dwarf Fighter on Sept 2, 2018.
             Slain by Crazy Yiuf
             ... wielding a +4 quarterstaff of chaos
              (16 damage)
             ... on level 2 of the Dungeon.
             The game lasted 00:01:04 (1200 turns).

poirepourri the Chopper (Deep Dwarf Fighter)        Turns: 1200, Time: 00:01:05

Health: -1/33      AC:  6    Str: 19    XL:     3   Next: 94%
Magic:  3/3        EV:  7    Int:  8    God:
Gold:   129        SH: 10    Dex: 13    Spells: 2/2 levels left

rFire    . . .     SeeInvis .   a - +0 war axe
rCold    . . .     Gourm    .   c - +1 shield
rNeg     . . .     Faith    .   b - +0 scale mail
rPois    .         Spirit   .   (no helmet)
rElec    .         Reflect  .   (no cloak)
rCorr    .         Harm     .   (no gloves)
MR       .....                  (no boots)
Stlth    +.........             (no amulet)
HPRegen  0.00/turn              h - ring of stealth (curse)
MPRegen  0.08/turn              (no ring)

@: lethally poisoned (-1 -> -1), non-regenerating
A: damage resistance, heal wounds, sense surroundings 1, no regeneration
a: Heal Wounds


You were on level 2 of the Dungeon.
You were not hungry.

You visited 1 branch of the dungeon, and saw 2 of its levels.

You collected 129 gold pieces.

Inventory:

Hand Weapons
 a - a +0 war axe (weapon)
Missiles
 i - 15 bolts
 n - 6 javelins (quivered)
Armour
 b - a +0 scale mail (worn)
 c - a +1 shield (worn)
Jewellery
 h - a cursed ring of stealth (left hand)
Scrolls
 e - a scroll of remove curse
 l - a scroll of teleportation {unknown}
 m - 2 scrolls of identify
 o - a scroll of enchant weapon {unknown}
Potions
 d - a potion of might
 g - 2 potions of ambrosia
 j - 2 potions of mutation {unknown}
 k - a potion of agility {unknown}
Comestibles
 f - 3 rations


   Skills:
 - Level 2.6 Fighting
 + Level 4.7 Axes
 - Level 3.2 Armour
 - Level 3.2 Shields


You had 2 spell levels left.
You didn't know any spells.
Your spell library was empty.

Dungeon Overview and Level Annotations

Branches:
Dungeon (2/15)

Altars:

Annotations:
D:2 Crazy Yiuf


Innate Abilities, Weirdness & Mutations

You are resistant to damage.
You can heal yourself by infusing magical energy.
You passively map a small area around you.
You do not regenerate.


Message History

No target in view!
No target in view!
You open the door.
Crazy Yiuf the Enlightened comes into view.
He is wielding a quarterstaff of chaos.
Crazy Yiuf shouts!
Crazy Yiuf laughs, "Whiteboard!"
Found a mace.
There is an open door here.
You closely miss Crazy Yiuf.
Crazy Yiuf hits you with a quarterstaff of chaos!
You are poisoned.
Crazy Yiuf sings, "Trees, trees, trees, circus!"
Crazy Yiuf drinks a potion.
Crazy Yiuf seems to grow stronger.
You closely miss Crazy Yiuf. You block Crazy Yiuf's attack.
You completely miss Crazy Yiuf.
Crazy Yiuf glowers.
Crazy Yiuf hits you but does no damage.
Your shield and scale mail prevent you from hitting Crazy Yiuf.
Crazy Yiuf hits you with a quarterstaff of chaos!!
You die...

#......)....#.#.#....#
#...........'.#.#.##.#
###########.###.......
#.# ###.##.. ##### #.#
#.##.. #)..# ###
#.#### #...# #.# #.g.#
#.# #@# #.# #.## #.#
##.# #.# #.## #.# ##.#
#.# ##.## #######.####
##...# #...........
#....# #.##########
#....# #.#


You could see Crazy Yiuf.

Vanquished Creatures
  An adder (D:2)
  An ooze (D:1)
  3 dart slugs
  A leopard gecko (D:2)
  4 bats (D:1)
  4 giant cockroaches (D:1)
  7 goblins
  2 hobgoblins
  7 jackals
  A quokka (D:2)
  A ball python (D:1)
  2 frilled lizards (D:2)
  4 kobolds
  3 rats (D:2)
41 creatures vanquished.

Notes
Turn   | Place    | Note
-------+----------+-------------------------------------------
     0 | D:1      | poirepourri the Deep Dwarf Fighter began the quest for the Orb.
     0 | D:1      | Reached XP level 1. HP: 20/20 MP: 1/1
    91 | D:1      | Reached skill level 3 in Axes
    91 | D:1      | Reached XP level 2. HP: 27/27 MP: 2/2
   261 | D:1      | Reached XP level 3. HP: 31/33 MP: 3/3
   268 | D:1      | Reached skill level 4 in Axes
   570 | D:2      | Found a runed door.
  1195 | D:2      | Noticed Crazy Yiuf
  1200 | D:2      | Slain by Crazy Yiuf

Skill      XL: |  1  2  3 |
---------------+----------+-----
Axes           | 3 4 |  4.7
Fighting       | |  2.6
Armour         | |  3.2
Shields        | |  3.2

Action                   || total
-------------------------++-------
Melee: War axe           ||    69
  Use: Scroll            ||     6
  Eat: Ration            ||     1
Armor: Scale mail        ||    28
Dodge: Dodged            ||    15
Block: Shield            ||    45
